Login

Mongoloids vs Apsos

Created - April 7, 2024 at 12:17

Goals
1 2 3 T
Mongoloids 0 0 1 1
Apsos 2 1 1 4
Shots
1 2 3 T
Mongoloids 12 12 4 28
Apsos 15 7 13 35

GoalsPenalties
1st period
1. Apsos , Chris Kreider 24 (Gustav Forsling 18) at 17:27
2. Apsos , Marcus Pettersson 2 (Phillip Danault 21, Mike Hoffman 11) at 18:37
No Penalty
2nd period
3. Apsos , Chris Kreider 25 (Moxie Manslammer 34, Pavel Buchnevich 36) at 6:08
Drake Batherson (ULA) for Hooking (Minor) at 1:41
Moxie Manslammer (LHA) for Hooking (Minor) at 8:26
Moxie Manslammer (LHA) for Hooking (Minor) at 18:36
3rd period
4. Mongoloids , Drake Batherson 13 (Mattias Ekholm 11, John Tavares 24) at 12:04
5. Apsos , Chris Kreider 26 (Moxie Manslammer 35, Dmitry Kulikov 19) at 19:18 (PP)
Marcus Pettersson (LHA) for Roughing (Minor) at 0:47
Jack Johnson (LHA) for High sticking (Minor) at 9:08
Markus Niemelainen (ULA) for Holding (Minor) at 19:02
Goalie Stats
Thatcher Demko (ULA), 31 saves from 35 shots - (0.886), L, 10-20-9, 60:00 minutes
Connor Ingram (LHA), 27 saves from 28 shots - (0.964), W, 3-1-0, 60:00 minutes
3 StarsOfficial
1 - Chris Kreider (LHA)
2 - Dmitry Kulikov (LHA)
3 - Connor Ingram (LHA)
Referees : Unknown
Linesman : Unknown
Game Note
Chris Kreider has scored a Hat Trick!
Finance
Level 1 -- Attendance: 4491 (74.85%) -- Ticket Income $449,100
Level 2 -- Attendance: 3829 (76.58%) -- Ticket Income $229,740
Level 3 -- Attendance: 1665 (83.25%) -- Ticket Income $58,275
Level 4 -- Attendance: 2916 (72.90%) -- Ticket Income $72,900
Luxury Box -- Attendance: 1000 (100.00%) -- Ticket Income $200,000
Game was played at the Yak Dome.
Total Attendance: 13901 (77.23%)
Total Ticket Income: $1,010,015
Other Income: $404,006
Total Income: $1,414,021



Team Name Goals Shots Shots Attemp Shots Blocked PIM HIT PP PK FO%
Mongoloids 12855124250 / 4 (0%)153%
Apsos 43578118251 / 2 (50%)047%

Mongoloids
Player Name POS G A P +/- PIM HIT SHT SB MP PP MP PP SHT PK MP PK SHT FO% FOT
Andreas EnglundD000-1012020:144:3101:0200% 0
Austin WatsonLW/RW0000041020:475:0100:0000% 0
Cal ClutterbuckRW000000000:000:0000:0000% 0
David PerronLW/RW0000015021:155:0111:1000% 1
Dillon DubeC/RW000-1020015:500:0001:05022% 18
Drake BathersonLW/RW101-1232117:442:5500:00050% 2
Evgeni MalkinC000-1012219:210:0000:08078% 9
John TavaresC/LW011-1023023:182:5501:05078% 27
Jonathan MarchessaultLW/RW000-1013018:472:5501:02025% 4
Markus NiemelainenD0000242014:420:0000:0000% 0
Mason MarchmentLW/RW000000005:100:0000:0000% 0
Mason McTavishC/LW0000001020:475:0100:00047% 30
Mattias EkholmD011-1022117:393:2521:1300% 0
Michael MathesonD000-1001225:033:2511:1300% 0
Ondrej PalatLW000-1002214:450:0000:0000% 0
Rasmus AnderssonD000-1000220:144:3101:0200% 0
Ryan LindgrenD0000032214:430:0000:0000% 0
Tyrian LannisterD000001007:240:0000:0000% 0
Apsos
Player Name POS G A P +/- PIM HIT SHT SB MP PP MP PP SHT PK MP PK SHT FO% FOT
Adam LarssonD000-1000219:581:0704:1800% 0
Chris KreiderLW/RW30310110018:521:2322:5200% 2
Dmitry KulikovD0111060418:291:0803:3100% 0
Evgeny KuznetsovC000000007:180:0002:07056% 9
Gustav ForslingD0112000115:130:0001:1800% 0
Jack JohnsonD0001220017:321:0802:3500% 0
Jakub VranaLW0000004013:130:5200:0000% 0
Jamie OleksiakD000-1011319:461:0704:0600% 0
Joel Eriksson EkC0000011016:481:0802:52048% 21
Kasperi KapanenLW/RW0001002017:460:0000:0600% 1
Marcus PetterssonD1012222013:540:0000:0000% 0
Matt RoyD000000017:310:0000:0000% 0
Mike HoffmanLW/RW0111005018:320:0000:52067% 3
Moxie ManslammerC/LW0221473018:031:2312:05045% 29
Nick BjugstadC/RW0000022023:220:5204:58033% 3
Pavel BuchnevichLW/RW0111013020:281:0700:00033% 3
Phillip DanaultC0111021017:400:0000:00055% 20
TJ BrodieD000000107:350:0000:0400% 0

Mongoloids

5 vs 5 Forward
Line #Left WingCenterRight WingPHYDFOFWanted %Time %Time Play
1Drake BathersonJohn TavaresJonathan Marchessault1223030%14:50
2David PerronMason McTavishAustin Watson1222830%15:04
3Ondrej PalatDillon DubeEvgeni Malkin1222630%14:45
4Mason MarchmentEvgeni MalkinJohn Tavares1221610%5:10
5 vs 5 Defense
Line #DefenseDefensePHYDFOFWanted %Time %Time Play
1Michael MathesonMattias Ekholm1223026%13:01
2Rasmus AnderssonAndreas Englund1222829%14:41
3Ryan LindgrenMarkus Niemelainen1222630%14:43
4Tyrian LannisterMichael Matheson1221615%7:24
Power Play Forward
Line #Left WingCenterRight WingPHYDFOFWanted %Time %Time Play
1Drake BathersonJohn TavaresJonathan Marchessault1225537%2:55
2David PerronMason McTavishAustin Watson1224563%5:01
Power Play Defense
Line #DefenseDefensePHYDFOFWanted %Time %Time Play
1Michael MathesonMattias Ekholm1225543%3:25
2Rasmus AnderssonAndreas Englund1224557%4:31
Penalty Kill 4 Players Forward
Line #CenterWingPHYDFOFWanted %Time %Time Play
1John TavaresDrake Batherson1225548%1:05
2Jonathan MarchessaultDavid Perron1224552%1:10
Penalty Kill 4 Players Defense
Line #DefenseDefensePHYDFOFWanted %Time %Time Play
1Michael MathesonMattias Ekholm1225554%1:13
2Rasmus AnderssonAndreas Englund1224546%1:02
Penalty Kill 3 Players
Line #WingPHYDFOFWanted %Time %Time PlayDefenseDefensePHYDFOFWanted %Time %Time Play
1John Tavares122550%0:00 Michael MathesonMattias Ekholm122550%0:00
2Drake Batherson122450%0:00 Rasmus AnderssonAndreas Englund122450%0:00
4 vs 4 Forward
Line #CenterWingPHYDFOFWanted %Time %Time Play
1John TavaresDrake Batherson122550%0:00
2Jonathan MarchessaultDavid Perron122450%0:00
4 vs 4 Defense
Line #DefensePHYDFOFWanted %Time %Time Play
1Michael MathesonMattias Ekholm122550%0:00
2Rasmus AnderssonAndreas Englund122450%0:00
Last Minutes Offensive
Left WingCenterRight WingDefenseDefense
Drake BathersonJohn TavaresJonathan MarchessaultMichael MathesonMattias Ekholm
Last Minutes Defensive
Left WingCenterRight WingDefenseDefense
Drake BathersonJohn TavaresJonathan MarchessaultMichael MathesonMattias Ekholm
Time
Total ForwardTotal DefenseLast Minutes OffensiveLast Minutes Defensive
60:00 60:00 0:000:00
Extra Forwards
Normal PowerPlayPenalty Kill
John Tavares, Ondrej Palat, Dillon DubeJohn Tavares, Ondrej PalatDillon Dube
Extra Defensemen
Normal PowerPlayPenalty Kill
Ryan Lindgren, Markus Niemelainen, Michael MathesonRyan Lindgren, Markus NiemelainenMichael Matheson
Penalty Shots
John Tavares, Drake Batherson, Jonathan Marchessault, David Perron, Austin Watson
Goalie
Thatcher Demko, Jaroslav Halak
Custom OT Lines Forwards
John Tavares, Drake Batherson, Jonathan Marchessault, David Perron, Austin Watson, Mason McTavish, Evgeni Malkin, Ondrej Palat, Dillon Dube, Mason Marchment
Custom OT Lines Defensemen
Michael Matheson, Mattias Ekholm, Rasmus Andersson, Andreas Englund, Ryan Lindgren
Scratches
Adam Boqvist (Healthy), Yegor Sharangovich (Healthy)

Apsos

5 vs 5 Forward
Line #Left WingCenterRight WingPHYDFOFWanted %Time %Time Play
1Pavel BuchnevichMoxie ManslammerChris Kreider1223029%14:37
2Jakub VranaJoel Eriksson EkNick Bjugstad1222825%12:21
3Mike HoffmanPhillip DanaultKasperi Kapanen1222635%17:40
4Pavel BuchnevichEvgeny KuznetsovNick Bjugstad1221610%5:11
5 vs 5 Defense
Line #DefenseDefensePHYDFOFWanted %Time %Time Play
1Jamie OleksiakAdam Larsson1223029%14:33
2Dmitry KulikovJack Johnson1222828%13:50
3Marcus PetterssonGustav Forsling1222628%13:55
4TJ BrodieMatt Roy1221615%7:31
Power Play Forward
Line #Left WingCenterRight WingPHYDFOFWanted %Time %Time Play
1Pavel BuchnevichMoxie ManslammerChris Kreider1225561%1:23
2Jakub VranaJoel Eriksson EkNick Bjugstad1224539%0:52
Power Play Defense
Line #DefenseDefensePHYDFOFWanted %Time %Time Play
1Jamie OleksiakAdam Larsson1225550%1:07
2Dmitry KulikovJack Johnson1224550%1:08
Penalty Kill 4 Players Forward
Line #CenterWingPHYDFOFWanted %Time %Time Play
1Moxie ManslammerNick Bjugstad1225564%5:04
2Joel Eriksson EkChris Kreider1224536%2:52
Penalty Kill 4 Players Defense
Line #DefenseDefensePHYDFOFWanted %Time %Time Play
1Jamie OleksiakAdam Larsson1225555%4:24
2Dmitry KulikovJack Johnson1224545%3:32
Penalty Kill 3 Players
Line #WingPHYDFOFWanted %Time %Time PlayDefenseDefensePHYDFOFWanted %Time %Time Play
1Joel Eriksson Ek122550%0:00 Jamie OleksiakAdam Larsson122550%0:00
2Moxie Manslammer122450%0:00 Dmitry KulikovJack Johnson122450%0:00
4 vs 4 Forward
Line #CenterWingPHYDFOFWanted %Time %Time Play
1Moxie ManslammerPavel Buchnevich122550%0:00
2Joel Eriksson EkChris Kreider122450%0:00
4 vs 4 Defense
Line #DefensePHYDFOFWanted %Time %Time Play
1Jamie OleksiakAdam Larsson122550%0:00
2Dmitry KulikovJack Johnson122450%0:00
Last Minutes Offensive
Left WingCenterRight WingDefenseDefense
Chris KreiderMoxie ManslammerPavel BuchnevichJamie OleksiakAdam Larsson
Last Minutes Defensive
Left WingCenterRight WingDefenseDefense
Nick BjugstadMoxie ManslammerJoel Eriksson EkJamie OleksiakAdam Larsson
Time
Total ForwardTotal DefenseLast Minutes OffensiveLast Minutes Defensive
60:00 60:00 0:000:00
Extra Forwards
Normal PowerPlayPenalty Kill
Joel Eriksson Ek, Phillip Danault, Mike HoffmanJoel Eriksson Ek, Phillip DanaultMike Hoffman
Extra Defensemen
Normal PowerPlayPenalty Kill
Adam Larsson, Gustav Forsling, Jamie OleksiakTJ Brodie, Gustav ForslingAdam Larsson
Penalty Shots
Pavel Buchnevich, Moxie Manslammer, Evgeny Kuznetsov, Joel Eriksson Ek, Nick Bjugstad
Goalie
Connor Ingram, Alexandar Georgiev
Custom OT Lines Forwards
Moxie Manslammer, Pavel Buchnevich, Joel Eriksson Ek, Chris Kreider, Jakub Vrana, Evgeny Kuznetsov, Nick Bjugstad, Mike Hoffman, Phillip Danault, Kasperi Kapanen
Custom OT Lines Defensemen
Adam Larsson, Jamie Oleksiak, Dmitry Kulikov, Gustav Forsling, Jack Johnson
Scratches
Ryan Donato (Healthy), Brett Howden (Healthy), Kaapo Kahkonen (Healthy)


Play-by-Play

1st period


0:01 of 1st period - John Tavares wins face-off versus Moxie Manslammer in neutral zone.
0:06 of 1st period - Shot by Jonathan Marchessault.
0:06 of 1st period - Stopped by Connor Ingram without a rebound.
0:07 of 1st period - Joel Eriksson Ek wins face-off versus Mason McTavish in Apsos zone.
1:09 of 1st period - Shot by Evgeni Malkin.
1:09 of 1st period - Shot Blocked by Gustav Forsling.
1:11 of 1st period - Shot by Ryan Lindgren.
1:11 of 1st period - Stopped by Connor Ingram without a rebound.
1:12 of 1st period - Moxie Manslammer wins face-off versus John Tavares in Apsos zone.
1:23 of 1st period - Shot by Chris Kreider.
1:23 of 1st period - Stopped by Thatcher Demko without a rebound.
1:24 of 1st period - Phillip Danault wins face-off versus Dillon Dube in Mongoloids zone.
1:24 of 1st period - Kasperi Kapanen is hit by Markus Niemelainen and loses puck.
1:29 of 1st period - Shot by Kasperi Kapanen.
1:29 of 1st period - Shot Misses the Net.
1:31 of 1st period - Shot by TJ Brodie.
1:31 of 1st period - Shot Misses the Net.
1:38 of 1st period - Phillip Danault is hit by Markus Niemelainen and loses puck.
1:49 of 1st period - Shot by Kasperi Kapanen.
1:49 of 1st period - Shot Misses the Net.
1:51 of 1st period - Shot by TJ Brodie.
1:51 of 1st period - Shot Misses the Net.
1:53 of 1st period - Shot by TJ Brodie.
1:53 of 1st period - Shot Misses the Net.
1:55 of 1st period - Shot by Mike Hoffman.
1:55 of 1st period - Shot Blocked by Ryan Lindgren.
1:59 of 1st period - Shot by Kasperi Kapanen.
1:59 of 1st period - Shot Blocked by Ondrej Palat.
2:01 of 1st period - Shot by Mike Hoffman.
2:01 of 1st period - Stopped by Thatcher Demko without a rebound.
2:02 of 1st period - John Tavares wins face-off versus Evgeny Kuznetsov in Mongoloids zone.
2:09 of 1st period - Nick Bjugstad is hit by Jonathan Marchessault and loses puck.
2:22 of 1st period - Shot by Jonathan Marchessault.
2:22 of 1st period - Stopped by Connor Ingram without a rebound.
2:23 of 1st period - Moxie Manslammer wins face-off versus Mason McTavish in Apsos zone.
2:30 of 1st period - Austin Watson is hit by Moxie Manslammer and loses puck.
2:37 of 1st period - Shot by Chris Kreider.
2:37 of 1st period - Deflect By Moxie Manslammer.
2:37 of 1st period - Shot Misses the Net.
2:43 of 1st period - Shot by Chris Kreider.
2:43 of 1st period - Shot Misses the Net.
2:45 of 1st period - Shot by Chris Kreider.
2:45 of 1st period - Shot Blocked by Mattias Ekholm.
2:56 of 1st period - Shot by Chris Kreider.
2:56 of 1st period - Deflect By Pavel Buchnevich.
2:56 of 1st period - Stopped by Thatcher Demko without a rebound.
2:57 of 1st period - Evgeni Malkin wins face-off versus Joel Eriksson Ek in Mongoloids zone.
3:14 of 1st period - Shot by Evgeni Malkin.
3:14 of 1st period - Shot Blocked by Jamie Oleksiak.
4:13 of 1st period - Off-side.
4:14 of 1st period - Mason McTavish wins face-off versus Moxie Manslammer in neutral zone.
4:52 of 1st period - Shot by Pavel Buchnevich.
4:52 of 1st period - Shot Misses the Net.
6:08 of 1st period - Off-side.
6:09 of 1st period - John Tavares wins face-off versus Phillip Danault in neutral zone.
6:24 of 1st period - Shot by Mike Hoffman.
6:24 of 1st period - Stopped by Thatcher Demko without a rebound.
6:25 of 1st period - John Tavares wins face-off versus Joel Eriksson Ek in Mongoloids zone.
6:25 of 1st period - John Tavares is hit by Nick Bjugstad.
7:08 of 1st period - Joel Eriksson Ek is hit by Ryan Lindgren and loses puck.
7:55 of 1st period - Shot by Mason McTavish.
7:55 of 1st period - Stopped by Connor Ingram without a rebound.
7:56 of 1st period - Evgeny Kuznetsov wins face-off versus Dillon Dube in Apsos zone.
8:07 of 1st period - Shot by Evgeni Malkin.
8:07 of 1st period - Stopped by Connor Ingram without a rebound.
8:08 of 1st period - Joel Eriksson Ek wins face-off versus Dillon Dube in Apsos zone.
8:23 of 1st period - Shot by Joel Eriksson Ek.
8:23 of 1st period - Stopped by Thatcher Demko without a rebound.
8:24 of 1st period - Moxie Manslammer wins face-off versus Mason McTavish in Mongoloids zone.
8:25 of 1st period - Shot by Chris Kreider.
8:25 of 1st period - Stopped by Thatcher Demko without a rebound.
8:26 of 1st period - Phillip Danault wins face-off versus Mason McTavish in Mongoloids zone.
8:27 of 1st period - Shot by Kasperi Kapanen.
8:27 of 1st period - Shot Misses the Net.
8:29 of 1st period - Shot by Mike Hoffman.
8:29 of 1st period - Shot Misses the Net.
9:26 of 1st period - Mike Hoffman is hit by John Tavares and loses puck.
9:49 of 1st period - Shot by John Tavares.
9:49 of 1st period - Shot Blocked by Dmitry Kulikov.
9:51 of 1st period - Shot by Andreas Englund.
9:51 of 1st period - Stopped by Connor Ingram with a rebound.
10:02 of 1st period - John Tavares is hit by Dmitry Kulikov and loses puck.
10:49 of 1st period - Icing by Evgeni Malkin.
10:50 of 1st period - Evgeni Malkin wins face-off versus Joel Eriksson Ek in Mongoloids zone.
11:19 of 1st period - Shot by Joel Eriksson Ek.
11:19 of 1st period - Deflect By Jakub Vrana.
11:19 of 1st period - Stopped by Thatcher Demko without a rebound.
11:20 of 1st period - Moxie Manslammer wins face-off versus Mason McTavish in Mongoloids zone.
11:21 of 1st period - Shot by Pavel Buchnevich.
11:21 of 1st period - Deflect By Chris Kreider.
11:21 of 1st period - Stopped by Thatcher Demko with a rebound.
11:23 of 1st period - Shot by Chris Kreider.
11:23 of 1st period - Stopped by Thatcher Demko without a rebound.
11:24 of 1st period - John Tavares wins face-off versus Moxie Manslammer in Mongoloids zone.
12:00 of 1st period - Shot by John Tavares.
12:00 of 1st period - Stopped by Connor Ingram without a rebound.
12:01 of 1st period - Mason McTavish wins face-off versus Phillip Danault in Apsos zone.
12:01 of 1st period - Mason McTavish is hit by Dmitry Kulikov.
12:21 of 1st period - Icing by Rasmus Andersson.
12:22 of 1st period - Mason McTavish wins face-off versus Nick Bjugstad in Mongoloids zone.
12:37 of 1st period - Shot by David Perron.
12:37 of 1st period - Stopped by Connor Ingram with a rebound.
12:39 of 1st period - Shot by Rasmus Andersson.
12:39 of 1st period - Shot Misses the Net.
12:41 of 1st period - Shot by Andreas Englund.
12:41 of 1st period - Stopped by Connor Ingram without a rebound.
12:42 of 1st period - Moxie Manslammer wins face-off versus Evgeni Malkin in Apsos zone.
12:42 of 1st period - Moxie Manslammer is hit by Evgeni Malkin.
12:49 of 1st period - Off-side.
12:50 of 1st period - Evgeni Malkin wins face-off versus Chris Kreider in neutral zone.
13:01 of 1st period - Shot by Evgeni Malkin.
13:01 of 1st period - Stopped by Connor Ingram with a rebound.
13:03 of 1st period - Shot by Evgeni Malkin.
13:03 of 1st period - Shot Blocked by Dmitry Kulikov.
13:05 of 1st period - Shot by Mason Marchment.
13:05 of 1st period - Shot Misses the Net.
13:13 of 1st period - Shot by Evgeni Malkin.
13:13 of 1st period - Shot Misses the Net.
13:17 of 1st period - Shot by John Tavares.
13:17 of 1st period - Shot Misses the Net.
13:19 of 1st period - Shot by Evgeni Malkin.
13:19 of 1st period - Shot Misses the Net.
13:21 of 1st period - Shot by Evgeni Malkin.
13:21 of 1st period - Shot Misses the Net.
13:26 of 1st period - Icing by Jack Johnson.
13:27 of 1st period - Mason McTavish wins face-off versus Moxie Manslammer in Apsos zone.
13:36 of 1st period - Rasmus Andersson is hit by Moxie Manslammer and loses puck.
14:27 of 1st period - Shot by Ryan Lindgren.
14:27 of 1st period - Stopped by Connor Ingram without a rebound.
14:28 of 1st period - Joel Eriksson Ek wins face-off versus Jonathan Marchessault in Apsos zone.
14:40 of 1st period - Icing by Gustav Forsling.
14:41 of 1st period - Joel Eriksson Ek wins face-off versus Dillon Dube in Apsos zone.
15:14 of 1st period - Shot by Jakub Vrana.
15:14 of 1st period - Stopped by Thatcher Demko with a rebound.
15:16 of 1st period - Shot by Nick Bjugstad.
15:16 of 1st period - Stopped by Thatcher Demko without a rebound.
15:17 of 1st period - Phillip Danault wins face-off versus Jonathan Marchessault in Mongoloids zone.
15:26 of 1st period - Shot by John Tavares.
15:26 of 1st period - Deflect By Jonathan Marchessault.
15:26 of 1st period - Shot Blocked by Jamie Oleksiak.
15:43 of 1st period - Icing by Jamie Oleksiak.
15:44 of 1st period - Mason McTavish wins face-off versus Phillip Danault in Apsos zone.
15:57 of 1st period - Icing by Jamie Oleksiak.
15:58 of 1st period - Dillon Dube wins face-off versus Phillip Danault in Apsos zone.
16:37 of 1st period - Shot by Pavel Buchnevich.
16:37 of 1st period - Shot Misses the Net.
16:39 of 1st period - Shot by Pavel Buchnevich.
16:39 of 1st period - Shot Misses the Net.
16:54 of 1st period - Icing by Michael Matheson.
16:55 of 1st period - Dillon Dube wins face-off versus Pavel Buchnevich in Mongoloids zone.
17:27 of 1st period - Shot by Chris Kreider.
17:27 of 1st period - Goal by Chris Kreider - Mongoloids : 0 - Apsos : 1.
17:28 of 1st period - Drake Batherson wins face-off versus Joel Eriksson Ek in neutral zone.
17:45 of 1st period - Icing by Adam Larsson.
17:46 of 1st period - Joel Eriksson Ek wins face-off versus Mason McTavish in Apsos zone.
17:46 of 1st period - Joel Eriksson Ek is hit by Austin Watson.
17:57 of 1st period - Shot by David Perron.
17:57 of 1st period - Stopped by Connor Ingram without a rebound.
17:58 of 1st period - Phillip Danault wins face-off versus John Tavares in Apsos zone.
18:29 of 1st period - Shot by Kasperi Kapanen.
18:29 of 1st period - Deflect By Mike Hoffman.
18:29 of 1st period - Shot Misses the Net.
18:31 of 1st period - Shot by Phillip Danault.
18:31 of 1st period - Shot Blocked by Rasmus Andersson.
18:33 of 1st period - Shot by Phillip Danault.
18:33 of 1st period - Shot Misses the Net.
18:35 of 1st period - Shot by Marcus Pettersson.
18:35 of 1st period - Stopped by Thatcher Demko with a rebound.
18:37 of 1st period - Shot by Marcus Pettersson.
18:37 of 1st period - Goal by Marcus Pettersson - Mongoloids : 0 - Apsos : 2.
18:38 of 1st period - Mason McTavish wins face-off versus Evgeny Kuznetsov in neutral zone.
18:59 of 1st period - Icing by Jamie Oleksiak.
19:00 of 1st period - Dillon Dube wins face-off versus Pavel Buchnevich in Apsos zone.
19:17 of 1st period - Shot by Pavel Buchnevich.
19:17 of 1st period - Shot Blocked by Michael Matheson.
19:19 of 1st period - Shot by Adam Larsson.
19:19 of 1st period - Shot Blocked by Ondrej Palat.
19:21 of 1st period - Shot by Evgeny Kuznetsov.
19:21 of 1st period - Shot Blocked by Evgeni Malkin.
19:23 of 1st period - Shot by Adam Larsson.
19:23 of 1st period - Shot Misses the Net.
19:46 of 1st period - Shot by Phillip Danault.
19:46 of 1st period - Shot Misses the Net.
19:48 of 1st period - Shot by Mike Hoffman.
19:48 of 1st period - Stopped by Thatcher Demko without a rebound.
19:49 of 1st period - John Tavares wins face-off versus Phillip Danault in Mongoloids zone.
Goals for this period are 0 for Mongoloids vs 2 for Apsos.
Shots for this period are 12 for Mongoloids vs 15 for Apsos.

2nd period


0:01 of 2nd period - Evgeni Malkin wins face-off versus Joel Eriksson Ek in neutral zone.
0:21 of 2nd period - Shot by Evgeni Malkin.
0:21 of 2nd period - Shot Misses the Net.
1:07 of 2nd period - Shot by David Perron.
1:07 of 2nd period - Stopped by Connor Ingram without a rebound.
1:08 of 2nd period - John Tavares wins face-off versus Moxie Manslammer in Apsos zone.
1:09 of 2nd period - Shot by Drake Batherson.
1:09 of 2nd period - Stopped by Connor Ingram without a rebound.
1:10 of 2nd period - Moxie Manslammer wins face-off versus Mason McTavish in Apsos zone.
1:19 of 2nd period - Shot by Moxie Manslammer.
1:19 of 2nd period - Stopped by Thatcher Demko without a rebound.
1:20 of 2nd period - Phillip Danault wins face-off versus Dillon Dube in Mongoloids zone.
1:31 of 2nd period - Shot by Mike Hoffman.
1:31 of 2nd period - Shot Misses the Net.
1:33 of 2nd period - Shot by TJ Brodie.
1:33 of 2nd period - Shot Blocked by Evgeni Malkin.
1:35 of 2nd period - Shot by TJ Brodie.
1:35 of 2nd period - Stopped by Thatcher Demko without a rebound.
1:36 of 2nd period - John Tavares wins face-off versus Moxie Manslammer in Mongoloids zone.
1:41 of 2nd period - Minor Penalty to Drake Batherson for Hooking.
1:42 of 2nd period - John Tavares wins face-off versus Moxie Manslammer in Mongoloids zone.
1:42 of 2nd period - John Tavares is hit by Moxie Manslammer.
1:54 of 2nd period - Icing by Adam Larsson.
1:55 of 2nd period - Pavel Buchnevich wins face-off versus John Tavares in Apsos zone.
2:08 of 2nd period - Shot by Pavel Buchnevich.
2:08 of 2nd period - Shot Misses the Net.
2:10 of 2nd period - Shot by Chris Kreider.
2:10 of 2nd period - Stopped by Thatcher Demko without a rebound.
2:11 of 2nd period - John Tavares wins face-off versus Joel Eriksson Ek in Mongoloids zone.
2:11 of 2nd period - John Tavares is hit by Nick Bjugstad.
2:18 of 2nd period - Icing by Joel Eriksson Ek.
2:19 of 2nd period - John Tavares wins face-off versus Joel Eriksson Ek in Apsos zone.
3:08 of 2nd period - Jamie Oleksiak is hit by David Perron and loses puck.
4:05 of 2nd period - Icing by Evgeni Malkin.
4:06 of 2nd period - Evgeni Malkin wins face-off versus Evgeny Kuznetsov in Mongoloids zone.
4:22 of 2nd period - Shot by Pavel Buchnevich.
4:22 of 2nd period - Stopped by Thatcher Demko without a rebound.
4:23 of 2nd period - Mason McTavish wins face-off versus Kasperi Kapanen in Mongoloids zone.
4:23 of 2nd period - Mason McTavish is hit by Phillip Danault.
4:35 of 2nd period - Shot by Austin Watson.
4:35 of 2nd period - Stopped by Connor Ingram with a rebound.
4:37 of 2nd period - Shot by Austin Watson.
4:37 of 2nd period - Shot Hit the Post.
4:39 of 2nd period - Shot by Michael Matheson.
4:39 of 2nd period - Deflect By David Perron.
4:39 of 2nd period - Shot Misses the Net.
4:42 of 2nd period - Austin Watson is hit by Marcus Pettersson and loses puck.
4:48 of 2nd period - David Perron is hit by Marcus Pettersson and loses puck.
5:39 of 2nd period - Shot by Evgeni Malkin.
5:39 of 2nd period - Shot Misses the Net.
5:48 of 2nd period - Icing by Jamie Oleksiak.
5:49 of 2nd period - John Tavares wins face-off versus Joel Eriksson Ek in Apsos zone.
5:52 of 2nd period - Shot by Jonathan Marchessault.
5:52 of 2nd period - Shot Misses the Net.
5:54 of 2nd period - Shot by Markus Niemelainen.
5:54 of 2nd period - Shot Misses the Net.
5:56 of 2nd period - Shot by John Tavares.
5:56 of 2nd period - Stopped by Connor Ingram without a rebound.
5:57 of 2nd period - John Tavares wins face-off versus Chris Kreider in Apsos zone.
6:08 of 2nd period - Shot by Chris Kreider.
6:08 of 2nd period - Goal by Chris Kreider - Mongoloids : 0 - Apsos : 3.
6:09 of 2nd period - John Tavares wins face-off versus Moxie Manslammer in neutral zone.
6:20 of 2nd period - Shot by Jonathan Marchessault.
6:20 of 2nd period - Shot Misses the Net.
6:22 of 2nd period - Shot by Markus Niemelainen.
6:22 of 2nd period - Stopped by Connor Ingram with a rebound.
6:24 of 2nd period - Shot by Markus Niemelainen.
6:24 of 2nd period - Stopped by Connor Ingram without a rebound.
6:25 of 2nd period - Phillip Danault wins face-off versus Mason McTavish in Apsos zone.
7:18 of 2nd period - Shot by Jonathan Marchessault.
7:18 of 2nd period - Shot Blocked by Adam Larsson.
7:26 of 2nd period - Jamie Oleksiak is hit by Drake Batherson and loses puck.
7:34 of 2nd period - Drake Batherson is hit by Jamie Oleksiak and loses puck.
7:37 of 2nd period - Shot by Jonathan Marchessault.
7:37 of 2nd period - Deflect By Drake Batherson.
7:37 of 2nd period - Shot Blocked by Jamie Oleksiak.
7:39 of 2nd period - Shot by Andreas Englund.
7:39 of 2nd period - Deflect By John Tavares.
7:39 of 2nd period - Stopped by Connor Ingram without a rebound.
7:40 of 2nd period - Moxie Manslammer wins face-off versus Dillon Dube in Apsos zone.
7:40 of 2nd period - Moxie Manslammer is hit by Dillon Dube.
7:53 of 2nd period - Pavel Buchnevich is hit by Ryan Lindgren and loses puck.
8:26 of 2nd period - Minor Penalty to Moxie Manslammer for Hooking.
8:27 of 2nd period - Evgeny Kuznetsov wins face-off versus John Tavares in Apsos zone.
8:58 of 2nd period - Shot by Michael Matheson.
8:58 of 2nd period - Stopped by Connor Ingram with a rebound.
9:26 of 2nd period - Shot by David Perron.
9:26 of 2nd period - Stopped by Connor Ingram with a rebound.
9:28 of 2nd period - Shot by Andreas Englund.
9:28 of 2nd period - Shot Misses the Net.
9:54 of 2nd period - Jamie Oleksiak is hit by Austin Watson.
10:07 of 2nd period - Icing by Michael Matheson.
10:08 of 2nd period - John Tavares wins face-off versus Joel Eriksson Ek in Mongoloids zone.
10:08 of 2nd period - John Tavares is hit by Joel Eriksson Ek.
10:30 of 2nd period - Shot by Ondrej Palat.
10:30 of 2nd period - Stopped by Connor Ingram without a rebound.
10:31 of 2nd period - Mike Hoffman wins face-off versus Dillon Dube in Apsos zone.
10:44 of 2nd period - Shot by Kasperi Kapanen.
10:44 of 2nd period - Stopped by Thatcher Demko without a rebound.
10:45 of 2nd period - Dillon Dube wins face-off versus Moxie Manslammer in Mongoloids zone.
11:04 of 2nd period - Gustav Forsling is hit by Dillon Dube.
12:00 of 2nd period - Shot by Jonathan Marchessault.
12:00 of 2nd period - Stopped by Connor Ingram without a rebound.
12:01 of 2nd period - Phillip Danault wins face-off versus Mason McTavish in Apsos zone.
12:35 of 2nd period - Shot by David Perron.
12:35 of 2nd period - Shot Blocked by Dmitry Kulikov.
13:13 of 2nd period - Off-side.
13:14 of 2nd period - Moxie Manslammer wins face-off versus Dillon Dube in neutral zone.
13:47 of 2nd period - Shot by Evgeni Malkin.
13:47 of 2nd period - Shot Misses the Net.
13:53 of 2nd period - Shot by Ondrej Palat.
13:53 of 2nd period - Shot Blocked by Matt Roy.
14:17 of 2nd period - Icing by Adam Larsson.
14:18 of 2nd period - Nick Bjugstad wins face-off versus John Tavares in Apsos zone.
14:27 of 2nd period - Shot by Joel Eriksson Ek.
14:27 of 2nd period - Deflect By Jakub Vrana.
14:27 of 2nd period - Shot Misses the Net.
15:06 of 2nd period - Icing by Tyrian Lannister.
15:07 of 2nd period - John Tavares wins face-off versus Phillip Danault in Mongoloids zone.
15:35 of 2nd period - Shot by David Perron.
15:35 of 2nd period - Stopped by Connor Ingram without a rebound.
15:36 of 2nd period - Moxie Manslammer wins face-off versus Dillon Dube in Apsos zone.
16:30 of 2nd period - Off-side.
16:31 of 2nd period - Mason McTavish wins face-off versus Nick Bjugstad in neutral zone.
17:30 of 2nd period - Shot by Kasperi Kapanen.
17:30 of 2nd period - Stopped by Thatcher Demko without a rebound.
17:31 of 2nd period - John Tavares wins face-off versus Phillip Danault in Mongoloids zone.
17:50 of 2nd period - Drake Batherson is hit by Phillip Danault and loses puck.
18:01 of 2nd period - Kasperi Kapanen is hit by Drake Batherson and loses puck.
18:36 of 2nd period - Minor Penalty to Moxie Manslammer for Hooking.
18:37 of 2nd period - Evgeny Kuznetsov wins face-off versus Mason McTavish in Apsos zone.
19:00 of 2nd period - Icing by Austin Watson.
19:01 of 2nd period - Evgeny Kuznetsov wins face-off versus Mason McTavish in Mongoloids zone.
19:02 of 2nd period - Shot by Adam Larsson.
19:02 of 2nd period - Shot Misses the Net.
19:04 of 2nd period - Shot by Jamie Oleksiak.
19:04 of 2nd period - Shot Misses the Net.
19:06 of 2nd period - Shot by Nick Bjugstad.
19:06 of 2nd period - Shot Misses the Net.
Goals for this period are 0 for Mongoloids vs 1 for Apsos.
Shots for this period are 12 for Mongoloids vs 7 for Apsos.

3rd period


0:01 of 3rd period - John Tavares wins face-off versus Mike Hoffman in neutral zone.
0:10 of 3rd period - Shot by Mattias Ekholm.
0:10 of 3rd period - Stopped by Connor Ingram without a rebound.
0:11 of 3rd period - Mike Hoffman wins face-off versus Mason McTavish in Apsos zone.
0:11 of 3rd period - Nick Bjugstad is hit by Austin Watson and loses puck.
0:47 of 3rd period - Minor Penalty to Marcus Pettersson for Roughing.
0:48 of 3rd period - Moxie Manslammer wins face-off versus John Tavares in Apsos zone.
1:40 of 3rd period - Shot by Michael Matheson.
1:40 of 3rd period - Shot Blocked by Adam Larsson.
1:42 of 3rd period - Shot by Mattias Ekholm.
1:42 of 3rd period - Stopped by Connor Ingram without a rebound.
1:43 of 3rd period - Joel Eriksson Ek wins face-off versus Mason McTavish in Apsos zone.
1:49 of 3rd period - Icing by Austin Watson.
1:50 of 3rd period - Mason McTavish wins face-off versus Joel Eriksson Ek in Mongoloids zone.
2:58 of 3rd period - Phillip Danault is hit by Markus Niemelainen and loses puck.
3:02 of 3rd period - Phillip Danault is hit by Ryan Lindgren and loses puck.
3:49 of 3rd period - Icing by Adam Larsson.
3:50 of 3rd period - Mason McTavish wins face-off versus Evgeny Kuznetsov in Apsos zone.
4:07 of 3rd period - Shot by Pavel Buchnevich.
4:07 of 3rd period - Shot Misses the Net.
4:11 of 3rd period - Shot by Pavel Buchnevich.
4:11 of 3rd period - Deflect By Evgeny Kuznetsov.
4:11 of 3rd period - Shot Misses the Net.
4:13 of 3rd period - Shot by Jamie Oleksiak.
4:13 of 3rd period - Shot Blocked by Michael Matheson.
4:15 of 3rd period - Shot by Pavel Buchnevich.
4:15 of 3rd period - Shot Misses the Net.
4:17 of 3rd period - Shot by Jamie Oleksiak.
4:17 of 3rd period - Stopped by Thatcher Demko without a rebound.
4:18 of 3rd period - John Tavares wins face-off versus Moxie Manslammer in Mongoloids zone.
4:47 of 3rd period - Shot by Pavel Buchnevich.
4:47 of 3rd period - Stopped by Thatcher Demko without a rebound.
4:48 of 3rd period - Joel Eriksson Ek wins face-off versus Dillon Dube in Mongoloids zone.
4:59 of 3rd period - Shot by Ondrej Palat.
4:59 of 3rd period - Stopped by Connor Ingram without a rebound.
5:00 of 3rd period - Mason McTavish wins face-off versus Phillip Danault in Apsos zone.
5:34 of 3rd period - Shot by Austin Watson.
5:34 of 3rd period - Shot Misses the Net.
5:43 of 3rd period - Icing by Marcus Pettersson.
5:44 of 3rd period - Evgeni Malkin wins face-off versus Phillip Danault in Apsos zone.
5:48 of 3rd period - Icing by Marcus Pettersson.
5:49 of 3rd period - Phillip Danault wins face-off versus Drake Batherson in Apsos zone.
6:15 of 3rd period - Icing by Jack Johnson.
6:16 of 3rd period - Joel Eriksson Ek wins face-off versus Dillon Dube in Apsos zone.
6:27 of 3rd period - Shot by Jakub Vrana.
6:27 of 3rd period - Shot Misses the Net.
6:29 of 3rd period - Shot by Nick Bjugstad.
6:29 of 3rd period - Stopped by Thatcher Demko without a rebound.
6:30 of 3rd period - Mason McTavish wins face-off versus Moxie Manslammer in Mongoloids zone.
6:50 of 3rd period - Icing by Michael Matheson.
6:51 of 3rd period - Joel Eriksson Ek wins face-off versus Mason McTavish in Mongoloids zone.
6:51 of 3rd period - Dmitry Kulikov is hit by Tyrian Lannister and loses puck.
7:03 of 3rd period - Tyrian Lannister is hit by Jack Johnson and loses puck.
7:13 of 3rd period - Mason McTavish is hit by Dmitry Kulikov and loses puck.
7:28 of 3rd period - Shot by Jakub Vrana.
7:28 of 3rd period - Stopped by Thatcher Demko without a rebound.
7:29 of 3rd period - Evgeni Malkin wins face-off versus Moxie Manslammer in Mongoloids zone.
7:31 of 3rd period - John Tavares is hit by Moxie Manslammer and loses puck.
7:39 of 3rd period - Pavel Buchnevich is hit by Andreas Englund and loses puck.
8:00 of 3rd period - Shot by Chris Kreider.
8:00 of 3rd period - Stopped by Thatcher Demko without a rebound.
8:01 of 3rd period - Phillip Danault wins face-off versus Jonathan Marchessault in Mongoloids zone.
8:03 of 3rd period - Mike Hoffman is hit by Markus Niemelainen and loses puck.
8:06 of 3rd period - Shot by Kasperi Kapanen.
8:06 of 3rd period - Shot Blocked by Drake Batherson.
9:01 of 3rd period - Mattias Ekholm is hit by Dmitry Kulikov and loses puck.
9:07 of 3rd period - David Perron is hit by Dmitry Kulikov and loses puck.
9:08 of 3rd period - Minor Penalty to Jack Johnson for High sticking.
9:09 of 3rd period - Moxie Manslammer wins face-off versus Mason McTavish in Apsos zone.
9:17 of 3rd period - Icing by Austin Watson.
9:18 of 3rd period - Mason McTavish wins face-off versus Moxie Manslammer in Mongoloids zone.
9:47 of 3rd period - Shot by Rasmus Andersson.
9:47 of 3rd period - Shot Blocked by Dmitry Kulikov.
11:24 of 3rd period - Icing by Ryan Lindgren.
11:25 of 3rd period - Phillip Danault wins face-off versus Dillon Dube in Mongoloids zone.
11:38 of 3rd period - Shot by Phillip Danault.
11:38 of 3rd period - Stopped by Thatcher Demko with a rebound.
11:53 of 3rd period - Shot by Mike Hoffman.
11:53 of 3rd period - Shot Blocked by Ryan Lindgren.
11:55 of 3rd period - Shot by Mike Hoffman.
11:55 of 3rd period - Stopped by Thatcher Demko without a rebound.
11:56 of 3rd period - John Tavares wins face-off versus Moxie Manslammer in Mongoloids zone.
11:56 of 3rd period - John Tavares is hit by Moxie Manslammer.
12:04 of 3rd period - Shot by Drake Batherson.
12:04 of 3rd period - Goal by Drake Batherson - Mongoloids : 1 - Apsos : 3.
12:05 of 3rd period - John Tavares wins face-off versus Moxie Manslammer in neutral zone.
12:40 of 3rd period - Drake Batherson is hit by Chris Kreider and loses puck.
12:53 of 3rd period - Mattias Ekholm is hit by Moxie Manslammer and loses puck.
13:06 of 3rd period - Nick Bjugstad is hit by John Tavares and loses puck.
13:20 of 3rd period - Icing by Jamie Oleksiak.
13:21 of 3rd period - Joel Eriksson Ek wins face-off versus Mason McTavish in Apsos zone.
13:36 of 3rd period - Shot by Jakub Vrana.
13:36 of 3rd period - Stopped by Thatcher Demko with a rebound.
13:48 of 3rd period - Shot by Nick Bjugstad.
13:48 of 3rd period - Shot Misses the Net.
14:30 of 3rd period - Shot by Gustav Forsling.
14:30 of 3rd period - Shot Blocked by Rasmus Andersson.
14:32 of 3rd period - Shot by Kasperi Kapanen.
14:32 of 3rd period - Shot Misses the Net.
14:34 of 3rd period - Shot by Mike Hoffman.
14:34 of 3rd period - Stopped by Thatcher Demko with a rebound.
15:08 of 3rd period - Shot by Chris Kreider.
15:08 of 3rd period - Stopped by Thatcher Demko without a rebound.
15:09 of 3rd period - Jonathan Marchessault wins face-off versus Joel Eriksson Ek in Mongoloids zone.
15:40 of 3rd period - Shot by Jakub Vrana.
15:40 of 3rd period - Deflect By Joel Eriksson Ek.
15:40 of 3rd period - Shot Misses the Net.
16:00 of 3rd period - Shot by Moxie Manslammer.
16:00 of 3rd period - Stopped by Thatcher Demko without a rebound.
16:01 of 3rd period - Phillip Danault wins face-off versus Dillon Dube in Mongoloids zone.
18:14 of 3rd period - Jamie Oleksiak is hit by Drake Batherson.
18:34 of 3rd period - Icing by Adam Larsson.
18:35 of 3rd period - Evgeny Kuznetsov wins face-off versus Dillon Dube in Apsos zone.
18:50 of 3rd period - Markus Niemelainen is hit by Pavel Buchnevich and loses puck.
19:02 of 3rd period - Minor Penalty to Markus Niemelainen for Holding.
19:03 of 3rd period - Moxie Manslammer wins face-off versus Evgeni Malkin in Mongoloids zone.
19:04 of 3rd period - Shot by Joel Eriksson Ek.
19:04 of 3rd period - Shot Misses the Net.
19:10 of 3rd period - Shot by Moxie Manslammer.
19:10 of 3rd period - Stopped by Thatcher Demko without a rebound.
19:11 of 3rd period - Moxie Manslammer wins face-off versus David Perron in Mongoloids zone.
19:16 of 3rd period - Shot by Moxie Manslammer.
19:16 of 3rd period - Shot Misses the Net.
19:18 of 3rd period - Shot by Chris Kreider.
19:18 of 3rd period - Goal by Chris Kreider - Mongoloids : 1 - Apsos : 4.
19:19 of 3rd period - Mason McTavish wins face-off versus Moxie Manslammer in neutral zone.
19:19 of 3rd period - Mason McTavish is hit by Moxie Manslammer.
19:22 of 3rd period - Michael Matheson is hit by Jack Johnson and loses puck.
19:32 of 3rd period - Chris Kreider is hit by Austin Watson and loses puck.
19:36 of 3rd period - Dmitry Kulikov is hit by Mattias Ekholm and loses puck.
19:42 of 3rd period - Pavel Buchnevich is hit by Mattias Ekholm and loses puck.
19:50 of 3rd period - David Perron is hit by Dmitry Kulikov.
Goals for this period are 1 for Mongoloids vs 1 for Apsos.
Shots for this period are 4 for Mongoloids vs 13 for Apsos.